 Dungeon Crawl Stone Soup version 0.23-a0-729-g94ec030 (webtiles) character file.

280878 TheGoonsmith the Devastator (level 20, -7/129 HPs)
             Began as a Gargoyle Fire Elementalist on Jan 15, 2019.
             Was the Champion of Vehumet.
             Killed from afar by a rakshasa (32 damage)
             ... with an orb of energy
             ... on level 3 of the Abyss on Jan 17, 2019.
             The game lasted 02:16:32 (52045 turns).

TheGoonsmith the Devastator (GrFE)                 Turns: 52045, Time: 02:16:33

Health: -7/129     AC: 37    Str: 18    XL:     20   Next: 49%
Magic:  34/38      EV: 15    Int: 27    God:    Vehumet [******]
Gold:   565        SH:  0    Dex: 10    Spells: 12/47 levels left

rFire    . . .     SeeInvis .   O - +1 triple sword (holy)
rCold    . . .     Gourm    .   (shield currently unavailable)
rNeg     + . .     Faith    .   p - +0 acid dragon scales
rPois    ∞         Spirit   .   V - +2 helmet
rElec    +         Reflect  .   z - +1 cloak {+Inv}
rCorr    +         Harm     .   y - +2 pair of gloves
MR       +....                  e - +2 pair of boots
Stlth    +.........             X - amulet of magic regeneration
HPRegen  0.31/turn              (no ring)
MPRegen  0.51/turn              T - ring "Siwed" {+Fly Str+4 Int+4}

@: no status effects
A: big wings, negative energy resistance 1, electricity resistance, unbreathing,
petrification resistance, rot immunity, subdued magic 1, AC +15
}: 2/15 runes: barnacled, gossamer
a: Fly, Renounce Religion, Evoke Invisibility, Evoke Flight


You were on level 3 of the Abyss.
You worshipped Vehumet.
Vehumet was exalted by your worship.
You were not hungry.

You visited 7 branches of the dungeon, and saw 34 of its levels.
You visited the Abyss 1 time.
You also visited: Gauntlet and Ice Cave.

You collected 3548 gold pieces.
You spent 2983 gold pieces at shops.

Inventory:

Hand Weapons
 C - the +8 autumn katana {slice, Clar}
   (You found it on level 6 of the Lair of Beasts)

   It inflicts extra damage upon your enemies.
   It protects you against confusion.
 K - a +1 great mace
 O - a +1 triple sword of holy wrath (weapon)
Missiles
 d - 10 throwing nets (quivered)
Armour
 e - a +2 pair of boots (worn)
 p - +0 acid dragon scales (worn)
 v - a +1 chain mail of fire resistance
 y - a +2 pair of gloves (worn)
 z - a +1 cloak of invisibility (worn)
 V - a +2 helmet (worn)
Magical Staves
 l - an uncursed staff of fire
 W - an uncursed staff of wizardry
Jewellery
 t - a +5 ring of strength
 x - an uncursed ring of resist corrosion
 E - an uncursed ring of protection from magic
 T - the ring "Siwed" (right hand) {+Fly Str+4 Int+4}
   (You found it in a Gauntlet)

   [ring of flight]

   It affects your strength (+4).
   It affects your intelligence (+4).
   It lets you fly.
 X - an amulet of magic regeneration (around neck)
Wands
 a - a wand of clouds (9)
 i - a wand of digging (4)
 j - a wand of enslavement (6)
 s - a wand of scattershot (5)
 A - a wand of disintegration (7)
 J - a wand of polymorph (22)
 N - a wand of acid (23)
 P - a wand of flame (29)
 Q - a wand of paralysis (28)
 U - a wand of iceblast (33)
Scrolls
 f - 11 scrolls of teleportation
 g - 14 scrolls of remove curse
 h - 4 scrolls of fear
 m - 2 scrolls of magic mapping
 o - 5 scrolls of blinking
 r - 14 scrolls of identify
 u - a scroll of silence
 B - 6 scrolls of amnesia
 M - 2 scrolls of fog
 Y - 3 scrolls of summoning
Potions
 b - 4 potions of cancellation
 k - 8 potions of curing
 q - 5 potions of magic
 w - 8 potions of haste
 F - 3 potions of brilliance
 G - 2 potions of invisibility
 H - 6 potions of ambrosia
 I - 3 potions of heal wounds
 L - 6 potions of might
 R - a potion of agility
 Z - 2 potions of resistance
Miscellaneous
 n - 2 sacks of spiders
Comestibles
 c - 37 rations
 D - a chunk of flesh


   Skills:
 - Level 15.0 Fighting
 + Level 3.9 Long Blades
 - Level 4.0(5.3) Maces & Flails
 - Level 5.3(6.0) Staves
 - Level 12.0 Armour
 - Level 8.0 Dodging
 - Level 2.1 Stealth
   Level 5.3 Shields
 + Level 14.4 Spellcasting
 + Level 17.6 Conjurations
 - Level 8.0 Summonings
 - Level 2.0 Translocations
 + Level 14.5 Fire Magic
 - Level 6.0 Evocations


You had 12 spell levels left.
You knew the following spells:

 Your Spells              Type           Power        Failure   Level  Hunger
a - Flame Tongue          Conj/Fire      #####        0%          1    None
b - Orb of Destruction    Conj           ######....   1%          7    ######.
c - Conjure Flame         Conj/Fire      ######..     0%          3    None
d - Swiftness             Chrm/Air       ###.....     3%          2    None
e - Blink                 Tloc           N/A          1%          2    None
f - Fireball              Conj/Fire      ######....   1%          5    #......
s - Sticky Flame          Conj/Fire      ######..     0%          4    None
x - Iskenderun's Mystic   Conj           ######..     0%          4    None
z - Spellforged Servitor  Conj/Summ      ######....   3%          7    ######.

Your spell library contained the following spells:

 Spells                   Type           Power        Failure   Level  Hunger
 Fire Storm               Conj/Fire      ######....   69%         9    #######
 Glaciate                 Conj/Ice       ######....   100%        9    #######
 Shatter                  Erth           ###.......   100%        9    #######
 Magic Dart               Conj           ####         0%          1    None
 Searing Ray              Conj           ######       0%          2    None
 Throw Flame              Conj/Fire      ######       0%          2    None
 Sandblast                Erth           ###...       1%          1    None
 Call Imp                 Summ           #####...     1%          2    None
 Dazzling Spray           Conj/Hex       ######       1%          3    None
 Inner Flame              Hex/Fire       #####...     1%          3    None
 Mephitic Cloud           Conj/Pois/Air  #####...     1%          3    None
 Stone Arrow              Conj/Erth      ######       1%          3    None
 Force Lance              Conj/Tloc      ######..     1%          4    None
 Fulminant Prism          Conj/Hex       ######....   1%          4    None
 Irradiate                Conj/Tmut      ######....   1%          5    #......
 Beastly Appendage        Tmut           ###...       2%          1    None
 Corona                   Hex            ###....      2%          1    None
 Passwall                 Tmut/Erth      ###.....     3%          2    None
 Slow                     Hex            ###.....     3%          2    None
 Sticks to Snakes         Tmut           ###.....     3%          2    None
 Portal Projectile        Hex/Tloc       ###...       5%          3    None
 Spider Form              Tmut/Pois      ###.......   8%          3    None
 Passage of Golubria      Tloc           N/A          12%         4    None
 Lee's Rapid Deconstruct  Erth           ###.......   21%         5    #......
 Cause Fear               Hex            ###.......   28%         4    None
 Ice Form                 Ice/Tmut       ###.....     28%         4    None
 Leda's Liquefaction      Hex/Erth       ###.......   28%         4    None
 Petrify                  Tmut/Erth      ###.....     28%         4    None
 Blade Hands              Tmut           ###.......   63%         5    #......
 Darkness                 Hex            ###.......   99%         6    ####...
 Hydra Form               Tmut           ###.......   99%         6    ####...
 Invisibility             Hex            ###.....     99%         6    ####...
 Dragon Form              Tmut           ###.......   100%        7    ######.
 Statue Form              Tmut/Erth      Unusable     N/A         6    N/A

Dungeon Overview and Level Annotations

Branches:
Dungeon (15/15)            Temple (1/1) D:7            Lair (6/6) D:11
 Shoals (4/4) Lair:2       Spider (4/4) Lair:3        Slime (0/5) Lair:6
    Orc (2/2) D:12            Elf (0/3) Orc:2        Vaults (2/5) D:13
 Depths (0/5) D:15
  Crypt: Vaults:2-3

Altars:
Ashenzari
Cheibriados
Dithmenos
Elyvilon
Fedhas
Gozag
Hepliaklqana
Kikubaaqudgha
Makhleb
Nemelex Xobeh
Okawaru
Qazlal
Ru
Sif Muna
Trog
Uskayaw
Vehumet
Wu Jian
Xom
Yredelemnul
Zin
The Shining One
Beogh
Jiyva

Shops:
D:8 *   Orc:2 (}*!   Vaults:2 (

Portals:
Pandemonium: Orc:2
Trove: D:15 (give +4 ice dragon scales)

Annotations:
Orc:2 3 runed doors, bonscott's ghost, journeyman TeAE
Vaults:2 1 runed door, Mara; ultrashaft's ghost, adept HOFi


Innate Abilities, Weirdness & Mutations

You are resistant to torment.
Your stone body is resilient. (AC +15)
You are immune to poison.
Your large and strong wings let you fly indefinitely.
You resist negative energy. (rN+)
You are resistant to electric shocks. (rElec)
You can survive without breathing.
You are immune to petrification.
You are immune to rotting.
Your spells are a little easier to cast, but a little less powerful.


Message History

Press: ? - help, Shift-Dir - straight line, f/p - rakshasa
Aim: a rakshasa, wielding a +0 whip and wearing a cursed +0 robe (lightly wounded)
The flame tongue hits the rakshasa.
The rakshasa is lightly wounded.
Casting: Flame Tongue (safe; 0% risk of failure)
Confirm with . or Enter, or press ? or * to list all spells.
Aiming: Sticky Flame (safe; 0% risk of failure)
Press: ? - help, Shift-Dir - straight line, f/p - rakshasa
Aim: a rakshasa, wielding a +0 whip and wearing a cursed +0 robe (lightly wounded)
The sticky flame hits the rakshasa.
The rakshasa is moderately wounded.
The rakshasa is covered in liquid flames!
The rakshasa burns!
The rakshasa misses you.
You hit the rakshasa but do no damage.
The rakshasa is moderately wounded.
The rakshasa burns! x2
The rakshasa hits you but does no damage.
The rakshasa gestures at you. The orb of energy hits you!
You die...

#.. . .### .#
. .#
......#.## .##
#......###..
#R.....#.##
##..# ...#
##.##.#... .
#.).###.##...#
###..R@...#
#.....#..#
#.#....# #
#.##.###
##.### ##


You could see a rakshasa (burning).

Vanquished Creatures
  Arachne (Spider:2)
  Rupert (D:14)
  Polyphemus (Shoals:2)
  Gastronok (Lair:3)
  2 krakens
  Ilsuiw (Shoals:2)
  5 vault wardens
  A frost giant (IceCv)
  Louise (Shoals:1)
  3 ghost moths
  6 emperor scorpions
  An ironheart preserver (Vaults:2)
  A ghoul (Vaults:2)
  An entropy weaver (Spider:2)
  A stone giant (Vaults:2)
  3 spark wasps (Spider:4)
  Snorg (Lair:5)
  A minotaur (Gauntlet)
  An ettin (Vaults:1)
  4 merfolk javelineers (Shoals:4)
  Josephine (D:10)
  3 yaktaur captains
  A death ooze (Gauntlet)
  7 merfolk impalers
  A fire dragon (Vaults:1)
  3 ogre magi
  8 hydras
  2 great orbs of eyes
  2 rakshasas
  Harold (D:12)
  7 vault guards
  3 catoblepae
  An alligator snapping turtle (Shoals:3)
  4 centaur warriors
  4 merfolk aquamancers
  5 merfolk avatars
  2 satyrs
  2 death knights (Vaults:2)
  13 two-headed ogres
  7 death yaks
  A tengu warrior (D:15)
  A queen ant (Gauntlet)
  Urug (Orc:1)
  A sun demon (Orc:2)
  5 orc high priests
  A storm dragon zombie (Vaults:2)
  Nergalle (D:10)
  A sixfirhy (Abyss:3)
  2 soul eaters (Orc:2)
  A skeletal warrior (Vaults:2)
  3 unseen horrors
  A ghost moth zombie (Abyss:3)
  A torturous demonspawn (Orc:2)
  7 sea snakes
  3 wizards
  An infernal demonspawn (Orc:2)
  10 orc knights
  30 wolf spiders
  4 ironbrand convokers
  17 harpies
  A phantasmal warrior (Vaults:2)
  A deep elf mage (D:15)
  2 lindwurms (Lair:6)
  2 necromancers
  7 orc sorcerers (Orc:2)
  10 ugly things
  4 oklob plants (Lair:6)
  A harpy (shapeshifter) (Vaults:1)
  20 orb spiders
  4 fauns (Shoals:1)
  5 cyclopes
  A moth of wrath (Spider:2)
  12 merfolk sirens
  10 elephants
  11 manticores
  A guardian serpent (Lair:6)
  9 black mambas
  A centaur zombie (D:15)
  4 vault sentinels
  An ice statue (IceCv)
  2 torpor snails
  An orange demon (Orc:2)
  3 water nymphs (Shoals:4)
  A gargoyle (D:15)
  A spiny frog (shapeshifter) (Vaults:1)
  22 spiny frogs
  A rime drake (shapeshifter) (D:14)
  2 kobold demonologists
  A smoke demon (Abyss:3)
  4 centaur skeletons
  5 rime drakes
  5 freezing wraiths
  An ice devil (Gauntlet)
  14 demonic crawlers
  5 komodo dragons
  21 yaktaurs
  2 tengu conjurers (D:15)
  A yaktaur skeleton (Vaults:2)
  8 hornets
  5 wind drakes
  30 jumping spiders
  19 polar bears
  9 trolls
  17 blink frogs
  26 merfolk
  14 slime creatures
  6 snapping turtles
  15 hippogriffs
  3 dream sheep (Lair:6)
  A shadow (D:14)
  28 tarantellas
  8 wraiths
  Sigmund (D:2)
  75 redbacks
  A ynoxinul (Orc:2)
  14 water elementals
  Grum (D:10)
  12 wyverns
  57 yaks
  A human (D:9)
  A human simulacrum (Vaults:2)
  3 basilisks
  3 hungry ghosts
  Menkaure (D:5)
  2 small abominations (Abyss:3)
  An acid dragon (D:14)
  8 wargs
  6 soldier ants (Gauntlet)
  24 water moccasins
  14 porcupines
  5 sky beasts
  A necrophage (D:9)
  52 orc warriors
  2 ice beasts
  An eye of draining (D:13)
  2 black bears (D:11)
  4 phantoms
  8 ogres
  26 wolves
  19 centaurs
  15 crocodiles
  4 big kobolds
  Blork the orc (D:4)
  18 bullfrogs
  3 scorpions (D:9)
  A wyvern skeleton (D:14)
  14 killer bees
  4 howler monkeys
  10 wights
  2 electric eels
  A lava snake (D:15)
  2 crimson imps
  A quasit (D:7)
  3 bullfrog zombies
  7 jellies
  8 hounds
  A bullfrog skeleton (D:4)
  27 orc priests
  A gnoll shaman (D:6)
  4 iguanas
  35 orc wizards
  Crazy Yiuf (D:5)
  8 worker ants
  A killer bee zombie (D:7)
  A hound skeleton (D:7)
  2 howler monkey skeletons
  17 gnolls
  6 adders
  5 shadow imps
  4 white imps (Gauntlet)
  An ooze (D:5)
  2 adder skeletons
  4 worms
  2 dart slugs (D:3)
  4 leopard geckos
  155 orcs
  4 ball pythons
  3 bats
  3 giant cockroaches
  7 goblins
  5 hobgoblins
  2 jackals (D:8)
  16 kobolds
  5 quokkas
  4 frilled lizards
  6 rats
  2 fungi
  7 plants
1378 creatures vanquished.

Vanquished Creatures (collateral kills)
  The ghost of Jigh the Eclecticist, an adept DEFE of Vehumet (Spider:3)
  A vault warden (Vaults:1)
  2 emperor scorpions
  2 ironheart preservers (Vaults:1)
  A spark wasp (Spider:4)
  A merfolk javelineer (Shoals:4)
  A merfolk impaler (Shoals:4)
  A vault guard (Vaults:1)
  3 merfolk aquamancers (Shoals:4)
  An orb spider (Spider:4)
  2 ironbrand convokers (Vaults:1)
  An orc knight (Vaults:1)
  2 wolf spiders (Spider:2)
  6 ugly things (Vaults:1)
  A vault sentinel (Vaults:1)
  A yaktaur (Vaults:1)
  2 demonic crawlers (Spider:4)
  3 jumping spiders
  2 hornets (Spider:4)
  3 redbacks (Spider:4)
  A flying skull (Abyss:3)
  5 wolves (Lair:4)
  A centaur (Shoals:4)
  An orc priest (Vaults:1)
45 creatures vanquished.

Vanquished Creatures (others)
  A wolf spider (Spider:3)
  An ogre (shapeshifter) (Vaults:2)
  A centaur (D:8)
  A wight (D:11)
  A kobold (D:7)
  24 fungi
  25 plants
  13 tentacles
67 creatures vanquished.

Grand Total: 1490 creatures vanquished

Notes
Turn   | Place    | Note
-------+----------+-------------------------------------------
     0 | D:1      | TheGoonsmith the Gargoyle Fire Elementalist began the quest
                  | for the Orb.
     0 | D:1      | Reached XP level 1. HP: 10/10 MP: 3/3
   207 | D:1      | Reached XP level 2. HP: 15/15 MP: 3/5
   673 | D:2      | Reached XP level 3. HP: 19/19 MP: 4/6
   902 | D:2      | Reached skill level 2 in Conjurations
  1035 | D:2      | Found a sacrificial altar of Ru.
  1053 | D:2      | Noticed Sigmund
  1232 | D:3      | Reached XP level 4. HP: 8/24 MP: 0/8
  1581 | D:3      | Learned a level 4 spell: Sticky Flame
  1585 | D:3      | Learned a level 3 spell: Conjure Flame
  2571 | D:3      | Reached skill level 3 in Conjurations
  2571 | D:3      | Reached XP level 5. HP: 24/28 MP: 1/9
  3565 | D:4      | Reached XP level 6. HP: 28/32 MP: 1/11
  3758 | D:4      | Reached skill level 4 in Conjurations
  3969 | D:4      | Found a sparkling altar of Nemelex Xobeh.
  4026 | D:4      | Reached skill level 5 in Fire Magic
  4155 | D:4      | Reached XP level 7. HP: 27/36 MP: 9/13
  4235 | D:4      | Reached skill level 5 in Conjurations
  4610 | D:5      | Entered Level 5 of the Dungeon
  4763 | D:5      | Found a shadowy altar of Dithmenos.
  4792 | D:5      | Noticed Blork the orc
  4826 | D:4      | Killed Blork the orc
  4889 | D:5      | Reached skill level 6 in Conjurations
  5308 | D:5      | Reached skill level 1 in Fighting
  5447 | D:5      | Reached XP level 8. HP: 43/44 MP: 7/14
  5488 | D:5      | Noticed Menkaure
  5493 | D:5      | Killed Menkaure
  5493 | D:5      | Reached skill level 7 in Conjurations
  5941 | D:5      | Found a runed door.
  5945 | D:5      | Noticed Crazy Yiuf
  5947 | D:5      | Killed Crazy Yiuf
  6052 | D:2      | Killed Sigmund
  6052 | D:2      | Reached skill level 1 in Armour
  7408 | D:7      | Found a staircase to the Ecumenical Temple.
  7417 | D:6      | Reached skill level 5 in Spellcasting
  7547 | D:7      | Reached XP level 9. HP: 35/49 MP: 10/16
  7770 | Temple   | Entered the Ecumenical Temple
  7830 | Temple   | Became a worshipper of Vehumet
  7941 | D:7      | Reached skill level 8 in Conjurations
  8544 | D:7      | Reached skill level 5 in Fighting
  8560 | D:7      | Reached * piety under Vehumet
  8560 | D:7      | Offered knowledge of Sting by Vehumet.
  8720 | D:7      | Learned a level 5 spell: Fireball
  8723 | D:7      | Learned a level 2 spell: Blink
  9125 | D:8      | Reached skill level 1 in Translocations
  9621 | D:8      | Found Mullap's General Store.
  9753 | D:8      | Reached ** piety under Vehumet
  9753 | D:8      | Offered knowledge of Searing Ray by Vehumet.
 10339 | D:9      | Reached skill level 1 in Maces & Flails
 10393 | D:9      | Reached XP level 10. HP: 56/61 MP: 12/19
 10617 | D:9      | Offered knowledge of Throw Frost by Vehumet.
 11084 | D:9      | Learned a level 4 spell: Iskenderun's Mystic Blast
 11189 | D:9      | Reached *** piety under Vehumet
 11721 | D:9      | Reached skill level 9 in Conjurations
 11790 | D:9      | Offered knowledge of Ignite Poison by Vehumet.
 12073 | D:10     | Entered Level 10 of the Dungeon
 12414 | D:10     | Noticed Nergalle
 12427 | D:10     | Killed Nergalle
 12427 | D:10     | Reached skill level 5 in Armour
 12427 | D:10     | Reached XP level 11. HP: 61/67 MP: 11/20
 12531 | D:10     | Noticed Grum
 12537 | D:10     | Killed Grum
 12543 | D:10     | Reached **** piety under Vehumet
 12899 | D:10     | Noticed Josephine
 12911 | D:10     | Killed Josephine
 12911 | D:10     | Reached skill level 10 in Conjurations
 13354 | D:11     | Found a staircase to the Lair.
 13368 | D:11     | Found a gate leading to a gauntlet.
 13392 | D:11     | Offered knowledge of Bolt of Magma by Vehumet.
 13744 | Gauntlet | Entered a Gauntlet
 13744 | Gauntlet | Found a transporter.
 13744 | Gauntlet | Found a transporter.
 13830 | Gauntlet | Found a transporter.
 13832 | Gauntlet | Found a large runed translucent door.
 13832 | Gauntlet | Found a transporter.
 13833 | Gauntlet | Found a large runed translucent door.
 13834 | Gauntlet | Found a large runed translucent door.
 13834 | Gauntlet | Found a large runed translucent door.
 13834 | Gauntlet | Found a runed translucent door.
 13834 | Gauntlet | Found a runed translucent door.
 13835 | Gauntlet | Found a large runed translucent door.
 13836 | Gauntlet | Found a large runed translucent door.
 13837 | Gauntlet | Found a large runed translucent door.
 13837 | Gauntlet | Found a large runed translucent door.
 13838 | Gauntlet | Found a runed translucent gate.
 13838 | Gauntlet | Found a runed translucent gate.
 13838 | Gauntlet | Found a runed translucent gate.
 13839 | Gauntlet | Noticed a queen ant
 13840 | Gauntlet | Found a transporter.
 13844 | Gauntlet | Found a transporter.
 13854 | Gauntlet | Found a transporter.
 13873 | Gauntlet | Noticed a death ooze
 13875 | Gauntlet | Found a transporter.
 13892 | Gauntlet | Found a transporter.
 13896 | Gauntlet | Found a transporter.
 13928 | Gauntlet | Found a large runed translucent door.
 13928 | Gauntlet | Found a large runed translucent door.
 13929 | Gauntlet | Found a large runed translucent door.
 13930 | Gauntlet | Found a large runed translucent door.
 13931 | Gauntlet | Found a large runed translucent door.
 13931 | Gauntlet | Found a large runed translucent door.
 13932 | Gauntlet | Found a large runed translucent door.
 13933 | Gauntlet | Found a large runed translucent door.
 13935 | Gauntlet | Found a transporter.
 13939 | Gauntlet | Found a transporter.
 13940 | Gauntlet | Noticed a queen ant
 13971 | Gauntlet | Killed a queen ant
 14291 | Gauntlet | Got a fine shortbow
 14302 | Gauntlet | Reached skill level 11 in Conjurations
 14307 | Gauntlet | Killed a death ooze
 14307 | Gauntlet | Reached skill level 10 in Fire Magic
 14307 | Gauntlet | Reached XP level 12. HP: 50/72 MP: 22/22
 14370 | Gauntlet | Got a translucent golden ring
 14629 | Gauntlet | Noticed a minotaur
 14638 | Gauntlet | Killed a minotaur
 14872 | D:10     | Identified the ring "Siwed" {+Fly Str+4 Int+4} (You found
                  | it in a Gauntlet)
 14879 | D:10     | Identified the +12 shortbow of Pill {velocity, rF+ SInv}
                  | (You found it in a Gauntlet)
 16282 | D:11     | Noticed an eight-headed hydra
 16287 | D:11     | Killed an eight-headed hydra
 16325 | D:11     | You fall through a shaft for 2 floors!
 16325 | D:13     | Noticed a five-headed hydra
 16334 | D:13     | Killed a five-headed hydra
 16702 | D:11     | Upgraded the game from 0.23-a0-712-g3a644c0 to
                  | 0.23-a0-713-ge59bbb1
 16718 | Lair:1   | Entered Level 1 of the Lair of Beasts
 16818 | Lair:1   | Reached ***** piety under Vehumet
 16920 | Lair:1   | Offered knowledge of Orb of Destruction by Vehumet.
 16929 | Lair:1   | Learned a level 7 spell: Orb of Destruction
 17047 | Lair:1   | Reached skill level 10 in Fighting
 17047 | Lair:1   | Reached skill level 12 in Conjurations
 17047 | Lair:1   | Reached XP level 13. HP: 65/83 MP: 22/26
 17603 | Lair:1   | Reached skill level 13 in Conjurations
 18161 | Lair:2   | Gained mutation: Your large and strong wings let you fly
                  | indefinitely. [Gargoyle growth]
 18161 | Lair:2   | Reached XP level 14. HP: 90/90 MP: 24/27
 18165 | Lair:2   | Found a staircase to the Shoals.
 19122 | Lair:3   | Found a hole to the Spider Nest.
 19233 | Lair:3   | Reached skill level 14 in Conjurations
 19784 | Lair:3   | Noticed Gastronok
 19811 | Lair:3   | Killed Gastronok
 19811 | Lair:3   | Reached skill level 15 in Conjurations
 19958 | Lair:3   | Found a shimmering altar of Xom.
 20524 | Lair:4   | Found a frozen archway.
 20533 | IceCv    | Entered an ice cave
 20738 | IceCv    | Offered knowledge of Lightning Bolt by Vehumet.
 21701 | IceCv    | Noticed a frost giant
 21714 | IceCv    | Killed a frost giant
 21714 | IceCv    | Reached skill level 10 in Spellcasting
 22014 | IceCv    | Got a jasper-encrusted scale mail
 22292 | Lair:4   | Identified the +0 scale mail of Boiling Hail {*Corrode +Fly
                  | rPois Str+7} (You found it in an ice cave)
 23431 | Lair:5   | Noticed Snorg
 23456 | Lair:5   | Killed Snorg
 23456 | Lair:5   | Reached skill level 1 in Staves
 23776 | Lair:5   | Reached skill level 1 in Evocations
 23795 | Lair:5   | Reached XP level 15. HP: 87/94 MP: 23/29
 24201 | Lair:5   | Offered knowledge of Poison Arrow by Vehumet.
 24207 | Lair:5   | Reached skill level 10 in Armour
 24491 | Lair:6   | Entered Level 6 of the Lair of Beasts
 24493 | Lair:6   | Reached skill level 16 in Conjurations
 26009 | Lair:6   | Reached skill level 5 in Staves
 26285 | Lair:6   | Found the +8 autumn katana {slice, Clar}
 26373 | Lair:6   | Found a viscous altar of Jiyva.
 26374 | Lair:6   | Found a staircase to the Slime Pits.
 26799 | Lair:6   | Reached skill level 5 in Evocations
 26957 | Lair:6   | Found the +10 morningstar "Eos" {elec, Halo rElec}
 27429 | D:12     | Found a staircase to the Orcish Mines.
 27611 | D:12     | Reached ****** piety under Vehumet
 27666 | D:12     | Reached XP level 16. HP: 89/100 MP: 8/31
 28219 | Orc:1    | Entered Level 1 of the Orcish Mines
 28219 | Orc:1    | Noticed Urug
 28229 | Orc:1    | Killed Urug
 28239 | Orc:1    | Noticed Harold
 28491 | D:12     | Killed Harold
 28491 | D:12     | Reached skill level 17 in Conjurations
 28708 | Orc:1    | Found Iczakhiq's Food Emporium.
 28726 | Orc:1    | Offered knowledge of Iskenderun's Battlesphere by Vehumet.
 29018 | Orc:2    | Entered Level 2 of the Orcish Mines
 29589 | Orc:2    | Found a roughly hewn altar of Beogh.
 29819 | Orc:2    | Found Vyufruwn's Distillery.
 29821 | Orc:2    | Found Hinaun's General Store.
 30049 | Orc:2    | Offered knowledge of Ozocubu's Refrigeration by Vehumet.
 30421 | Orc:2    | Found Zybaish's Gadget Shop.
 30421 | Orc:2    | Found a one-way gate leading to the halls of Pandemonium.
 30421 | Orc:2    | Found Wecipt's Antique Weapon Boutique.
 30467 | Orc:2    | Found a staircase to the Elven Halls.
 30525 | Orc:2    | Noticed bonscott's ghost (journeyman TeAE)
 30526 | Orc:2    | Found a runed gate.
 30527 | Orc:2    | Found a runed gate.
 30574 | Orc:2    | Found a runed gate.
 30587 | Orc:2    | Found the +10 large shield of Ignorance {rN+ Int-4}
 30978 | D:8      | Bought a scroll of acquirement for 572 gold pieces
 30978 | D:8      | Bought a potion of resistance for 110 gold pieces
 30984 | D:8      | Got a pair of distressingly furry gloves
 30995 | D:8      | Identified the +0 pair of gloves "Kiucoc" {rN+} (You
                  | acquired it on level 8 of the Dungeon)
 31272 | Orc:2    | Bought a sack of spiders for 340 gold pieces
 31301 | Orc:2    | Bought a potion of curing for 45 gold pieces
 31301 | Orc:2    | Bought a potion of haste for 150 gold pieces
 31301 | Orc:2    | Bought 2 potions of curing for 90 gold pieces
 31301 | Orc:2    | Bought a potion of curing for 45 gold pieces
 31301 | Orc:2    | Bought a potion of haste for 150 gold pieces
 31301 | Orc:2    | Bought a potion of might for 60 gold pieces
 31595 | D:13     | Found a gate to the Vaults.
 31815 | D:13     | Found a shattered altar of Ashenzari.
 32170 | D:14     | Noticed Rupert
 32179 | D:14     | Killed Rupert
 32912 | D:14     | You fall through a shaft!
 32912 | D:15     | Entered Level 15 of the Dungeon
 32956 | D:15     | Reached skill level 5 in Dodging
 32970 | D:15     | Reached XP level 17. HP: 48/108 MP: 30/33
 33243 | D:15     | Found a portal to a secret trove of treasure.
 33410 | D:15     | Offered knowledge of Spellforged Servitor by Vehumet.
 33454 | D:15     | Learned a level 7 spell: Spellforged Servitor
 33823 | D:15     | Reached skill level 1 in Summonings
 33895 | D:15     | Found a staircase to the Depths.
 34156 | Spider:1 | Entered Level 1 of the Spider Nest
 35921 | Spider:2 | Offered knowledge of Bolt of Cold by Vehumet.
 36045 | Spider:2 | Reached skill level 5 in Summonings
 37577 | Spider:2 | Noticed Arachne
 37600 | Spider:2 | Killed Arachne
 37600 | Spider:2 | Reached skill level 15 in Fighting
 38782 | Spider:3 | Reached XP level 18. HP: 69/119 MP: 10/34
 39237 | Spider:3 | Found a runed door.
 39445 | Spider:3 | Noticed Jigh's ghost (adept DEFE)
 39761 | Spider:3 | Killed Jigh's ghost
 39773 | Spider:3 | Got a warped scale mail
 39775 | Spider:3 | Identified the cursed +0 scale mail of Lilacs {Str+2
                  | Stlth+} (You found it on level 3 of the Spider Nest)
 39820 | Spider:4 | Entered Level 4 of the Spider Nest
 39899 | Spider:4 | Offered knowledge of Fire Storm by Vehumet.
 39899 | Spider:4 | Offered knowledge of Glaciate by Vehumet.
 39899 | Spider:4 | Offered knowledge of Shatter by Vehumet.
 40914 | Spider:4 | Upgraded the game from 0.23-a0-713-ge59bbb1 to
                  | 0.23-a0-729-g94ec030
 40919 | Spider:4 | Learned a level 2 spell: Swiftness
 41777 | Spider:4 | Got a gossamer rune of Zot
 42057 | Shoals:1 | Entered Level 1 of the Shoals
 42653 | Shoals:1 | Noticed Louise
 42672 | Shoals:1 | Killed Louise
 43159 | Shoals:2 | Noticed Polyphemus
 43950 | Shoals:2 | Killed Polyphemus
 43950 | Shoals:2 | Reached XP level 19. HP: 37/124 MP: 4/35
 44329 | Shoals:2 | Noticed Ilsuiw
 44336 | Shoals:2 | Killed Ilsuiw
 45878 | Shoals:4 | Entered Level 4 of the Shoals
 46822 | Shoals:4 | Got a barnacled rune of Zot
 48248 | Vaults:1 | Entered Level 1 of the Vaults
 48340 | Orc:1    | Bought a ration for 65 gold pieces
 48340 | Orc:1    | Bought a ration for 65 gold pieces
 48340 | Orc:1    | Bought a ration for 65 gold pieces
 48340 | Orc:1    | Bought a ration for 65 gold pieces
 48340 | Orc:1    | Bought a ration for 65 gold pieces
 48340 | Orc:1    | Bought a ration for 65 gold pieces
 48340 | Orc:1    | Bought a ration for 65 gold pieces
 48340 | Orc:1    | Bought a ration for 65 gold pieces
 48340 | Orc:1    | Bought a ration for 65 gold pieces
 48530 | Vaults:1 | Reached skill level 1 in Long Blades
 49002 | Vaults:1 | Reached skill level 1 in Shields
 49344 | Vaults:1 | Reached XP level 20. HP: 129/129 MP: 30/38
 50805 | Vaults:2 | Found a runed door.
 50806 | Vaults:2 | Noticed ultrashaft's ghost (adept HOFi)
 50883 | Vaults:2 | Reached skill level 5 in Shields
 51004 | Vaults:2 | Found Vitri's Weapon Boutique.
 51008 | Vaults:2 | Bought a +3 demon blade of draining for 836 gold pieces
 51055 | Vaults:2 | Paralysed by a great orb of eyes for 7 turns
 51427 | Vaults:2 | Noticed Mara
 51430 | Vaults:2 | Noticed TheGoonsmith's illusion
 51844 | Vaults:2 | Noticed TheGoonsmith's illusion
 51851 | Vaults:2 | Cast into level 3 of the Abyss (a wizard)
 52000 | Abyss:3  | Gained mutation: Your spells are a little easier to cast,
                  | but a little less powerful. [a neqoxec]
 52045 | Abyss:3  | Killed from afar by a rakshasa

Vault maps used:
D:1:      enne_arrival_octagon_isle
D:2:      hangedman_ru_absence, uniq_sigmund
D:3:      minmay_unequal
D:4:      nemelex_xobeh_ov_fountains_minmay, first_ration
D:5:      basic_altar, uniq_menkaure, uniq_blork_the_orc,
          uniq_crazy_yiuf_cottage
D:7:      minmay_temple_entry_stoned_glass, hangedman_abyss_or_decor_passed,
          minmay_fractal_squares_5
D:8:      special_room, serial_shops,
          nicolae_shop_temple_entry_statues_fountains
D:9:      grunt_pizzeria
D:10:     nicolae_wwwww, grunt_ministairs_9, nicolae_twisting_strands,
          eino_jars, uniq_grum, uniq_nergalle, uniq_josephine
D:11:     due_lair_maze_entry_diamond, gauntlet_entry_generic
D:12:     david_orc_3
D:13:     lightli_vaults_fourway_checkpoint, basic_altar
D:14:     nrook_mini_vaults, uniq_rupert
D:15:     grunt_enter_depths_snipers, nicolae_trove_entry_crossroad,
          grunt_decor_fettered, nicolae_lava_and_water
Temple:   dpeg_three_leaves_temple
Lair:1:   serial_bayou, serial_bayou_pond_c, serial_bayou_pond_b,
          serial_bayou_pond_b, serial_bayou_lagoon_a
Lair:2:   minmay_shoals_entry_lonely_mermaid
Lair:3:   nicolae_spider_entry_tight_spaces, basic_altar, uniq_gastronok
Lair:4:   portal_ice_cave_entry_pillars_2
Lair:5:   grunt_forest_stairs_basic, uniq_snorg
Lair:6:   hangedman_lair_tendril_chambers, hangedman_lair_in_review,
          slime_altar_1, minmay_lair_oklob_chamber
Shoals:1: uniq_louise
Shoals:2: uniq_polyphemus, uniq_ilsuiw
Shoals:4: shoals_end_simple
Spider:2: uniq_arachne
Spider:3: ebering_ghost_inner_flame
Spider:4: guppyfry_spider_rune
Orc:1:    serial_shops, shop, uniq_harold, uniq_urug
Orc:2:    pf_orc_diabolical, gammafunk_ghost_split, basic_altar
Vaults:1: ontoclasm_vaults_twist, vaults_room_door_ring,
          ontoclasm_vaults_ligature, v_misc_17, hangedman_vaults_variations,
          nicolae_vaults_network_square, vaults_room_corners,
          hangedman_vaults_cutoff, nicolae_vaults_little_squares_2,
          nicolae_vaults_mini_display_case, nicolae_vaults_know_your_exits,
          nicolae_vaults_little_ls, ontoclasm_vaults_spin,
          ontoclasm_vaults_hangar
Vaults:2: ebering_vaults_ghost_inner_flame, nicolae_vaults_sealed_display,
          ontoclasm_vaults_idyll, vaults_standard_mumra_enter_the_diamond,
          vaults_standard_mumra_lines, hangedman_vaults_slice,
          vaults_mumra_chevron_long, vaults_mumra_minichess,
          hangedman_vaults_nails, v_misc_8, ontoclasm_vaults_shuriken,
          ontoclasm_vaults_hangar, grunt_vaults_bifocal, serial_shops, shop,
          uniq_mara
Abyss:3:  minivault_13
IceCv:    ice_cave_caverns_01
Gauntlet: gammafunk_gauntlet_hard_choice

Skill      XL: |  1  2  3  4  5  6  7  8  9 10 11 12 13 14 15 16 17 18 19 20 |
---------------+-------------------------------------------------------------+-----
Conjurations   | 2 3 4 6 7 8 9 11 12 13 15 16 17 | 17.6
Spellcasting   | 3 4 5 6 7 9 10 11 12 14 | 14.4
Fire Magic     | 4 5 6 7 9 10 11 14 | 14.5
Fighting       | 2 6 7 10 11 12 15 | 15.0
Armour         | 3 5 7 8 9 10 11 12 | 12.0
Translocations | 2 |  2.0
Maces & Flails | 1 4 |  4.0
Staves         | 1 5 |  5.3
Evocations     | 1 5 6 |  6.0
Dodging        | 5 8 |  8.0
Summonings     | 6 8 |  8.0
Long Blades    | 2 3 |  3.9
Shields        | 2 5 |  5.3
Stealth        | |  2.1

Action                   |  1- 3 |  4- 6 |  7- 9 | 10-12 | 13-15 | 16-18 | 19-21 || total
-------------------------+-------+-------+-------+-------+-------+-------+-------++-------
Melee: Unarmed           |     5 |       |       |       |       |       |       ||     5
       Club              |     5 |       |       |       |       |       |       ||     5
       Quarterstaff      |       |    32 |    17 |       |       |       |       ||    49
       Whip              |       |       |    77 |     9 |       |       |       ||    86
       Great mace        |       |       |       |   206 |   206 |       |       ||   412
       Staff             |       |       |       |       |   180 |       |       ||   180
       Katana            |       |       |       |       |    16 |   450 |   153 ||   619
       Triple sword      |       |       |       |       |       |       |    19 ||    19
 Fire: Shortbow          |       |       |       |    37 |       |       |       ||    37
Throw: Throwing net      |       |       |       |       |       |     1 |       ||     1
 Cast: Flame Tongue      |    49 |   125 |   319 |   348 |   436 |   494 |   165 ||  1936
       Sticky Flame      |       |       |     8 |    45 |   186 |   224 |    61 ||   524
       Conjure Flame     |       |       |     1 |     6 |     9 |     8 |       ||    24
       Fireball          |       |       |       |    21 |    89 |   249 |   193 ||   552
       Orb of Destructio |       |       |       |       |     2 |    35 |    20 ||    57
       Blink             |       |       |       |       |       |     3 |       ||     3
       Spellforged Servi |       |       |       |       |       |     9 |     7 ||    16
 Abil: Fly               |       |       |       |       |       |     2 |       ||     2
       Stop Flying       |       |       |       |       |       |     1 |     1 ||     2
       Evoke Invisibilit |       |       |       |       |       |     1 |       ||     1
Evoke: Wand              |       |       |     1 |       |     2 |       |       ||     3
  Use: Potion            |       |     3 |       |     1 |     3 |     3 |       ||    10
       Scroll            |       |     7 |    14 |    11 |     8 |     5 |     5 ||    50
  Eat: Chunk             |       |     7 |    19 |    17 |    41 |    49 |    30 ||   163
       Ration            |       |     1 |     2 |     5 |     2 |    13 |     4 ||    27
Armor: Robe              |     3 |    28 |    12 |       |       |       |       ||    43
       Skin              |       |     2 |       |       |       |       |       ||     2
       Ring mail         |       |       |   101 |    32 |       |       |       ||   133
       Chain mail        |       |       |       |   337 |   728 |   230 |       ||  1295
       Acid dragon scale |       |       |       |       |       |   817 |   267 ||  1084
Dodge: Dodged            |    19 |    49 |   125 |   200 |   335 |   743 |   206 ||  1677
Block: Other             |       |    12 |    70 |   137 |    83 |       |       ||   302
       Reflection        |       |       |     9 |     8 |       |       |       ||    17
       Shield            |       |       |       |       |       |       |    52 ||    52
       Rpst.: Katana     |       |       |       |       |     4 |   152 |    31 ||   187
       Triple sword      |       |       |       |       |       |       |     8 ||     8

Table legend:
 A = Non-vault XP
 B = Vault XP
 C = Vault XP percentage of total XP
 D = Non-vault monster count
 E = Vault monster count
 F = Vault count percentage of total count
                 A         B        C        D         E       F
            +---------+---------+-------+---------+---------+-------
      Total |  252477 |  172374 |  40.6 |     986 |     432 |  30.5
            +---------+---------+-------+---------+---------+-------
        D:1 |      20 |       0 |   0.0 |      12 |       0 |   0.0
        D:2 |      87 |     212 |  70.9 |      17 |       1 |   5.6
        D:3 |     210 |       7 |   3.2 |      21 |       4 |  16.0
        D:4 |     447 |      90 |  16.8 |      21 |       1 |   4.5
        D:5 |     397 |     208 |  34.4 |      14 |       2 |  12.5
        D:6 |     653 |       0 |   0.0 |      15 |       0 |   0.0
        D:7 |     861 |     441 |  33.9 |      32 |       7 |  17.9
        D:8 |     621 |     121 |  16.3 |      24 |      27 |  52.9
        D:9 |    3302 |     189 |   5.4 |      42 |       1 |   2.3
       D:10 |     656 |    4340 |  86.9 |      10 |      20 |  66.7
       D:11 |    4510 |     938 |  17.2 |      36 |       7 |  16.3
       D:12 |    5646 |    1386 |  19.7 |      33 |       8 |  19.5
       D:13 |    4535 |    6024 |  57.1 |      30 |      12 |  28.6
       D:14 |    6747 |    3132 |  31.7 |      24 |       1 |   4.0
       D:15 |   16772 |    1997 |  10.6 |      33 |       2 |   5.7
     Lair:1 |    8463 |     523 |   5.8 |      26 |       2 |   7.1
     Lair:2 |     483 |     481 |  49.9 |       4 |       1 |  20.0
     Lair:3 |    7525 |    4165 |  35.6 |      31 |       9 |  22.5
     Lair:4 |    4340 |       0 |   0.0 |      27 |       0 |   0.0
     Lair:5 |    9488 |    3373 |  26.2 |      27 |       8 |  22.9
     Lair:6 |    6389 |   23129 |  78.4 |      28 |      60 |  68.2
   Shoals:1 |   12682 |    4349 |  25.5 |      27 |       4 |  12.9
   Shoals:2 |   16053 |    8526 |  34.7 |      30 |       8 |  21.1
   Shoals:3 |   10473 |       0 |   0.0 |      16 |       0 |   0.0
   Shoals:4 |    9930 |   21875 |  68.8 |      23 |      36 |  61.0
   Spider:1 |   18984 |       0 |   0.0 |      47 |       0 |   0.0
   Spider:2 |   25323 |    3682 |  12.7 |      69 |       1 |   1.4
   Spider:3 |   11460 |    3600 |  23.9 |      32 |       3 |   8.6
   Spider:4 |   12188 |   20487 |  62.7 |      34 |      39 |  53.4
      Orc:1 |    2732 |     827 |  23.2 |      40 |       1 |   2.4
      Orc:2 |    4221 |   16832 |  80.0 |      57 |      57 |  50.0
   Vaults:1 |   29446 |   13484 |  31.4 |      65 |      22 |  25.3
   Vaults:2 |   12425 |   11118 |  47.2 |      30 |      19 |  38.8
    Abyss:3 |    3348 |       0 |   0.0 |       7 |       0 |   0.0
      IceCv |       0 |   12418 | 100.0 |       0 |      55 | 100.0
   Gauntlet |    1060 |    4420 |  80.7 |       2 |      14 |  87.5
            +---------+---------+-------+---------+---------+-------
